 Dungeon Crawl Stone Soup version 0.29-a0-717-g6dac4ea423 (webtiles) character file.

Game seed: 3677934789004054790

123 gobodom the Gusty (level 5, 0/28 HPs)
             Began as a Tengu Air Elementalist on June 27, 2022.
             Slain by Terence
             ... wielding a +2 flail of protection
              (6 damage)
             ... on level 2 of the Dungeon.
             The game lasted 00:07:13 (2900 turns).

gobodom the Gusty (Tengu Air Elementalist)          Turns: 2900, Time: 00:07:14

Health: 0/28       AC:  4    Str: 11    XL:     5   Next: 7%
Magic:  3/10       EV: 15    Int: 15    God:
Gold:   129        SH:  0    Dex: 20    Spells: 9/10 levels left

rFire   . . .      SeeInvis .   e - +0 hand axe
rCold   . . .      Faith    .   (no shield)
rNeg    . . .      Spirit   .   m - +1 robe {Will+}
rPois   .          Reflect  .   (helmet restricted)
rElec   .          Harm     .   a - +0 cloak
rCorr   .          Rampage  .   (no gloves)
Will    +....                   (boots unavailable)
Stlth   ++........              (no amulet)
HPRegen 0.09/turn               h - +6 ring of dexterity
MPRegen 0.12/turn               (no ring)

@: flying quickly and evasively, quick
A: beak, talons 3, nimble flight
a: no special abilities


You were on level 2 of the Dungeon.
You visited 1 branch of the dungeon, and saw 3 of its levels.

You collected 129 gold pieces.

Inventory:

Hand Weapons
 e - a +0 hand axe (weapon)
Missiles
 l - 3 poisoned darts
Armour
 a - a +0 cloak (worn)
 m - a +1 robe of willpower (worn)
Jewellery
 h - a +6 ring of dexterity (left hand)
Scrolls
 c - a scroll of blinking {unknown}
 d - a scroll of identify {unknown}
 f - 2 scrolls of immolation
Potions
 b - a potion of magic
 g - 2 potions of curing {unknown}
 i - a potion of flight {unknown}
 k - 2 potions of brilliance {unknown}


   Skills:
 + Level 0.3 Fighting
 + Level 0.3 Axes
 + Level 2.6 Dodging
 + Level 2.1 Stealth
 + Level 3.0 Spellcasting
 + Level 3.0 Conjurations
 + Level 5.2 Air Magic


You had 9 spell levels left.
You knew the following spells:

 Your Spells              Type           Power      Damage    Failure   Level
a - Shock                 Conj/Air       56%        1d6       3%          1

Your spell library contained the following spells:

 Spells                   Type           Power      Damage    Failure   Level
 Static Discharge         Conj/Air       14%        N/A       5%          2
 Swiftness                Air            18%        N/A       7%          3
 Airstrike                Air            9%         N/A       22%         4


Dungeon Overview and Level Annotations

Branches:
Dungeon (3/15)

Altars:

Shops:
D:1 *

Annotations:
D:2 Terence


Innate Abilities, Weirdness & Mutations

You have a beak for a mouth.
You have claws for feet.
Your magical nature lets you fly swiftly and evasively.


Message History

a - a +0 cloak The bat hits you but does no damage.
The bat barely misses you.
Your magical contamination has completely faded away.
You start putting on your armour.
You continue putting on your +0 cloak.
The bat completely misses you.
You continue putting on your +0 cloak.
The bat misses you.
You continue putting on your +0 cloak.
The bat barely misses you.
You continue putting on your +0 cloak.
The bat closely misses you. x2
You finish putting on your +0 cloak.
The bat barely misses you.
There is a stone staircase leading up here.
The bat misses you. Terence barely misses you.
You fly upwards.
There is a stone staircase leading down here.
The zap hits Terence.
Terence is lightly wounded.
Terence hits you with a +2 flail of protection.
The zap hits Terence but does no damage.
Terence is lightly wounded.
Terence barely misses you.
The zap misses Terence.
Terence says, "How do you enjoy it?" Terence misses you.
The zap hits Terence.
Terence is lightly wounded.
Terence completely misses you.
The zap hits Terence but does no damage.
Terence is lightly wounded.
Terence hits you with a +2 flail of protection.
Terence hits you with a +2 flail of protection!
Terence says, "Don't bother to defend, it's pointless."
Terence screams, "I'm going to kill you!"
Terence hits you with a +2 flail of protection!
* * * LOW HITPOINT WARNING * * *
Terence hits you with a +2 flail of protection.
You die...

#.........#..#.#.#
#.####..
#..##..........#.#
#.####.#
#..##.#...#.#..#.####
#......#
#..#..#..##.........#
########
#...........#.#####.####
#.##.##.#####.# #....###
#.......# ###.###
#......# #.......#
#>..>.# #.##.#.#
#.##.##.# #..@..#
#.##.#.# #.##.##.#
#.@...# #.#..#.#
#.##.##.# #.....#
#.#.##.# #.##.##.#
#.....# #......#
#.##.##.# #######
###.#### #.......# #.#
####.#### #.# #.#
#############.# #.#
##...##.)......#


You could see Terence.

Vanquished Creatures
  Jessica (D:2)
  4 adders
  A worm (D:3)
  A dart slug (D:1)
  2 ball pythons (D:1)
  3 bats
  10 endoplasms
  2 giant cockroaches
  3 goblins
  4 hobgoblins
  6 jackals (D:1)
  4 quokkas
  2 frilled lizards
  5 kobolds
  4 rats
52 creatures vanquished.

Notes
Turn   | Place    | Note
-------+----------+-------------------------------------------
     0 | D:1      | gobodom the Tengu Air Elementalist began the quest for the
                  | Orb.
     0 | D:1      | Reached XP level 1. HP: 10/10 MP: 4/4
   140 | D:1      | Reached XP level 2. HP: 4/15 MP: 1/6
   784 | D:1      | Reached XP level 3. HP: 19/19 MP: 0/7
   886 | D:1      | Found Eraex's Assorted Antiques.
  1026 | D:1      | Found a faded altar of an unknown god.
  1350 | D:2      | Noticed Jessica
  1353 | D:2      | Killed Jessica
  1354 | D:2      | Reached skill level 5 in Air Magic
  1354 | D:2      | Reached XP level 4. HP: 24/24 MP: 4/8
  2873 | D:3      | Noticed Terence
  2877 | D:3      | Gained mutation: Your magical nature lets you fly swiftly
                  | and evasively. [Tengu growth]
  2877 | D:3      | Reached XP level 5. HP: 28/28 MP: 5/10
  2900 | D:2      | Slain by Terence

Illustrated notes

Levels and vault maps discovered:
D:1:      tarquinn_simple_flora_water_d, layout_rooms,
          dreamdust_ecumenical_altar_angels_and_demons, serial_shops, shop
D:2:      layout_loops_cross, kennysheep_generic_room_10, uniq_jessica
D:3:      layout_loops_cross, uniq_terence

Skill      XL: |  1  2  3  4 |
---------------+-------------+-----
Conjurations   | 2 3 |  3.0
Air Magic      | 5 |  5.2
Spellcasting   | 3 |  3.0
Fighting       | |  0.3
Axes           | |  0.3
Dodging        | |  2.6
Stealth        | |  2.1

Action                   |  1- 3 |  4- 6 || total
-------------------------+-------+-------++-------
Melee: Unarmed           |    12 |       ||    12
       Kick              |     2 |     2 ||     4
       Hand axe          |     4 |    11 ||    15
       Peck              |       |     3 ||     3
 Cast: Shock             |    58 |    75 ||   133
  Use: Scroll            |       |     1 ||     1
Armor: Robe              |     5 |     4 ||     9
Dodge: Dodged            |    17 |    35 ||    52

Table legend: (Time is in decaauts)
 A = Elapsed time spent in this place.
 B = Non-inter-level travel time spent in this place.
 C = Inter-level travel time spent in this place.
 D = Time resting spent in this place.
 E = Time spent auto-exploring this place.
 F = Levels seen in this place.
 G = Mean time per level.
                   A        B        C        D        E       F      G
               +--------+--------+--------+--------+--------+-----+--------+
         Total |   2903 |   2903 |      0 |      0 |   2435 |   3 |  967.7 |
       Dungeon |   2903 |   2903 |      0 |      0 |   2435 |   3 |  967.7 |
               +--------+--------+--------+--------+--------+-----+--------+

Top non-repeatable levels by time:
     D:2: 1263 daAuts
     D:1: 1154 daAuts
     D:3: 485 daAuts
